 Dungeon Crawl Stone Soup version 0.29-a0-330-g52719c12eb (webtiles) character file.

Game seed: 16813937198422342464

172 kae the Firebug (level 5, -3/33 HPs)
             Began as an Octopode Fire Elementalist on Apr 16, 2022.
             Slain by an iguana (14 damage)
             ... on level 3 of the Dungeon.
             The game lasted 00:02:29 (3920 turns).

kae the Firebug (Octopode Fire Elementalist)        Turns: 3920, Time: 00:02:30

Health: -3/33      AC:  1    Str:  8    XL:     5   Next: 53%
Magic:  0/8        EV: 13    Int: 19    God:
Gold:   188        SH:  0    Dex: 12    Spells: 3/9 levels left

rFire   . . .      SeeInvis .   i - +0 mace (flame)
rCold   . . .      Faith    .   (no shield)
rNeg    . . .      Spirit   .   (helmet restricted)
rPois   .          Reflect  .   (no amulet)
rElec   .          Harm     .   (no ring)
rCorr   .          Rampage  .   (no ring)
Will    .....                   (no ring)
Stlth   +++.......              (no ring)
HPRegen 0.11/turn               (no ring)
MPRegen 0.11/turn               (no ring)
                                (no ring)
                                (no ring)

@: very slightly contaminated
A: almost no armour, amphibious, 8 rings, camouflage 1, gelatinous body 1,
(nimble swimmer 1), tentacles
a: no special abilities


You were on level 3 of the Dungeon.
You visited 1 branch of the dungeon, and saw 3 of its levels.

You collected 188 gold pieces.

Inventory:

Hand Weapons
 i - a +0 mace of flaming (weapon)
Wands
 g - a wand of polymorph (9)
Scrolls
 b - a scroll of torment {unknown}
 c - 2 scrolls of brand weapon
 d - 2 scrolls of identify
 e - a scroll of amnesia
 f - a scroll of fog {unknown}
 m - a scroll of fear {unknown}
 n - a scroll of magic mapping {unknown}
Potions
 a - 3 potions of magic
 h - a potion of ambrosia
 j - a potion of heal wounds {unknown}
 k - a potion of flight
 l - a potion of brilliance {unknown}


   Skills:
 + Level 1.5 Fighting
 + Level 2.7 Dodging
 + Level 3.7 Stealth
 + Level 2.5 Spellcasting
 + Level 2.0 Conjurations
 * Level 4.3 Fire Magic


You had 3 spell levels left.
You knew the following spells:

 Your Spells              Type           Power      Damage    Failure   Level
a - Foxfire               Conj/Fire      56%        2x1d6     4%          1
b - Scorch                Fire           36%        2d7       4%          2
c - Conjure Flame         Conj/Fire      14%        6-21      13%         3

Your spell library contained the following spells:

 Spells                   Type           Power      Damage    Failure   Level
 Magic Dart               Conj           40%        1d5       7%          1
 Summon Small Mammal      Summ           8%         N/A       16%         1
 Inner Flame              Hex/Fire       10%        N/A       21%         3
 Call Imp                 Summ           2%         N/A       24%         2
 Mephitic Cloud           Conj/Pois/Air  4%         N/A       36%         3
 Call Canine Familiar     Summ           2%         N/A       43%         3
 Summon Guardian Golem    Hex/Summ       2%         N/A       43%         3
 Flame Wave               Conj/Fire      14%        2d6       41%         4


Dungeon Overview and Level Annotations

Branches:
Dungeon (3/15)

Altars:

Annotations:
D:1 exclusion: gnoll
D:3 exclusion: iguana


Innate Abilities, Weirdness & Mutations

You cannot wear most types of armour.
You are amphibious.
You can wear up to eight rings at the same time.
Your skin changes colour to match your surroundings (Stealth+).
Your rubbery body absorbs attacks. (AC +1, EV +1)
((You are camouflaged when in or above water. (Stealth+)))
You have tentacles for arms and can constrict up to eight enemies at once.


Message History

You conjure some foxfire!
The iguana hisses angrily.
The foxfire hits the iguana but does no damage.
The foxfire hits the iguana.
The iguana is lightly wounded.
Casting: Foxfire (safe; 4% risk of failure)
Confirm with . or Enter, or press ? or * to list all spells.
You conjure some foxfire!
The foxfire hits the iguana but does no damage.
The iguana is lightly wounded.
The foxfire hits the iguana but does no damage.
The iguana is lightly wounded.
The iguana hisses menacingly.
Casting: Foxfire (safe; 4% risk of failure)
Confirm with . or Enter, or press ? or * to list all spells.
You conjure some foxfire!
The iguana misses you.
The foxfire hits the iguana.
The iguana is moderately wounded.
The foxfire hits the iguana but does no damage.
The iguana is moderately wounded.
The iguana bites you!
Casting: Foxfire (safe; 4% risk of failure)
Confirm with . or Enter, or press ? or * to list all spells.
Flames lash the iguana.
The iguana is heavily wounded.
The iguana's fire resistance burns away.
The iguana bites you but does no damage.
The iguana closely misses you.
Casting: Scorch (safe; 4% risk of failure)
Confirm with . or Enter, or press ? or * to list all spells.
Flames lash the iguana.
The iguana is burned terribly!
The iguana is severely wounded.
The iguana bites you! The iguana misses you.
Casting: Scorch (safe; 4% risk of failure)
Confirm with . or Enter, or press ? or * to list all spells.
You miscast Scorch.
You are very lightly contaminated with residual magic.
Nothing appears to happen.
The iguana bites you!
You die...

# #......# #.# #.#.#.#.
######..)...# #.# #.#'#'#.
#...........# #.# #..<....
#.....###'### #.#####......#
#.....###.#### #.##..........
#.........#... #.##........##
#.....#####.... #.##........#
#.....# ##....#####.##........##
#.....# .......@................
#.....# ......l................#
#.....#####....#########'######.#
......'...'....# #..# #.#
......#####....##########.## #.#
.......................##..# #.#
...........#'#########.###.# #.#
......####.#.#..#....#.# #.####'#
......# #.#.##.#.##.#.# #.......


You could see an iguana (combustible).

Vanquished Creatures
  4 adders
  5 river rats (D:3)
  4 worms (D:3)
  3 dart slugs
  7 orcs (D:3)
  5 bats
  6 endoplasms
  4 hobgoblins
  3 quokkas
  6 ball pythons
  13 frilled lizards
  6 goblins
  5 kobolds
  4 rats (D:3)
75 creatures vanquished.

Vanquished Creatures (others)
  221 foxfires
  8 plants (D:2)
229 creatures vanquished.

Grand Total: 304 creatures vanquished

Notes
Turn   | Place    | Note
-------+----------+-------------------------------------------
     0 | D:1      | kae the Octopode Fire Elementalist began the quest for the
                  | Orb.
     0 | D:1      | Reached XP level 1. HP: 11/11 MP: 3/3
   217 | D:1      | Reached XP level 2. HP: 14/17 MP: 0/5
   687 | D:1      | Found a faded altar of an unknown god.
  1455 | D:2      | Reached XP level 3. HP: 22/22 MP: 4/6
  1462 | D:2      | Learned a level 2 spell: Scorch
  1466 | D:2      | Learned a level 3 spell: Conjure Flame
  2192 | D:3      | Reached skill level 1 in Fighting
  2200 | D:3      | Reached XP level 4. HP: 6/28 MP: 0/7
  2950 | D:3      | Reached skill level 4 in Fire Magic
  2982 | D:3      | Reached XP level 5. HP: 18/33 MP: 0/8
  3920 | D:3      | Slain by an iguana

Illustrated notes

Levels and vault maps discovered:
D:1:      dpeg_arrival_lava_temple_mockup, layout_basic,
          shapermc_ecumenical_altar_starsandcircs
D:2:      layout_rooms, minmay_lizard_king
D:3:      layout_basic, lightli_sewer_entry_pipes

Skill      XL: |  1  2  3  4  5 |
---------------+----------------+-----
Stealth        | 3 |  3.7
Fighting       | 1 |  1.5
Fire Magic     | 4 |  4.3
Conjurations   | 2 |  2.0
Dodging        | |  2.7
Spellcasting   | |  2.5

Action                   |  1- 3 |  4- 6 || total
-------------------------+-------+-------++-------
Melee: Unarmed           |     4 |       ||     4
       Constrict         |     3 |     4 ||     7
       Mace              |     7 |    18 ||    25
       Tentacles         |       |     3 ||     3
 Cast: Foxfire           |    74 |    54 ||   128
       Scorch            |       |     4 ||     4
  Use: Scroll            |     5 |     4 ||     9
       Potion            |       |     2 ||     2
 Stab: Distracted        |       |     1 ||     1
       Sleeping          |       |     1 ||     1
Armor: Skin              |     1 |     8 ||     9
Dodge: Dodged            |    11 |    16 ||    27

Table legend: (Time is in decaauts)
 A = Elapsed time spent in this place.
 B = Non-inter-level travel time spent in this place.
 C = Inter-level travel time spent in this place.
 D = Time resting spent in this place.
 E = Time spent auto-exploring this place.
 F = Levels seen in this place.
 G = Mean time per level.
                   A        B        C        D        E       F      G
               +--------+--------+--------+--------+--------+-----+--------+
         Total |   3930 |   3836 |     94 |    226 |   3080 |   3 | 1310.0 |
       Dungeon |   3930 |   3836 |     94 |    226 |   3080 |   3 | 1310.0 |
               +--------+--------+--------+--------+--------+-----+--------+

Top non-repeatable levels by time:
     D:3: 1763 daAuts
     D:1: 1405 daAuts
     D:2: 762 daAuts
